 Dungeon Crawl Stone Soup version 0.28.0 (webtiles) character file.

Game seed: 1473907226675133706

2156 Dani the Cleaver (level 9, 78/78 HPs)
             Began as a Minotaur Fighter on Feb 20, 2022.
             Quit the game on level 6 of the Dungeon.
             The game lasted 00:04:49 (3471 turns).

Dani the Cleaver (Minotaur Fighter)                 Turns: 3471, Time: 00:04:50

Health: 78/78      AC:  7    Str: 23    XL:     9   Next: 10%
Magic:  8/8        EV: 11    Int:  7    God:
Gold:   142        SH:  5    Dex: 10    Spells: 8/8 levels left

rFire   . . .      SeeInvis .   a - +1 war axe (protect)
rCold   + . .      Faith    .   k - +0 buckler
rNeg    . . .      Spirit   +   b - +0 scale mail
rPois   .          Reflect  .   (helmet restricted)
rElec   .          Harm     .   (no cloak)
rCorr   .          Rampage  .   (no gloves)
Will    .....                   (no boots)
Stlth   ..........              f - amulet of guardian spirit
HPRegen 0.23/turn               c - ring of protection from cold
MPRegen 0.11/turn               (no ring)

@: no status effects
A: horns 2, retaliatory headbutt
a: no special abilities


You were on level 6 of the Dungeon.
You visited 1 branch of the dungeon, and saw 6 of its levels.

You collected 142 gold pieces.

Inventory:

Hand Weapons
 a - a +1 war axe of protection (weapon)
Armour
 b - a +0 scale mail (worn)
 k - a +0 buckler (worn)
Jewellery
 c - a ring of protection from cold (left hand)
   (You found it on level 4 of the Dungeon)
 f - an amulet of guardian spirit (around neck)
   (You found it on level 1 of the Dungeon)
 n - a ring of protection from cold
   (You found it on level 6 of the Dungeon)
 p - a ring of ice
   (You found it on level 6 of the Dungeon)
Scrolls
 l - 2 scrolls of silence
 o - 2 scrolls of immolation
 B - a scroll of blinking
 T - 2 scrolls of teleportation
Potions
 d - a potion of invisibility
 e - a potion of flight {unknown}
 g - a potion of brilliance {unknown}
 h - a potion of ambrosia {unknown}
 i - 2 potions of curing {unknown}
 j - a potion of magic {unknown}
 m - a potion of mutation {unknown}


   Skills:
 + Level 6.8 Fighting
 * Level 8.9 Axes
 + Level 6.8 Armour
 + Level 5.1 Dodging
 + Level 6.9 Shields


You had 8 spell levels left.
You didn't know any spells.
Your spell library contained the following spells:

 Spells                   Type           Power      Damage    Failure   Level
 Sandblast                Erth           0%         2d4       80%         1
 Corpse Rot               Necr/Air       0%         N/A       90%         2
 Ensorcelled Hibernation  Hex/Ice        0%         N/A       90%         2
 Passwall                 Tmut/Erth      0%         N/A       90%         2
 Stone Arrow              Conj/Erth      0%         3d7       99%         3
 Swiftness                Air            0%         N/A       99%         3
 Dispel Undead            Necr           0%         3d6       100%        4
 Death Channel            Necr           0%         N/A       100%        6


Dungeon Overview and Level Annotations

Branches:
Dungeon (6/15)
 Temple: D:4-7

Altars:
Wu Jian
Xom

Annotations:
D:6 3 runed translucent doors, Yellafella's ghost, novice MiBe


Innate Abilities, Weirdness & Mutations

You have a pair of horns on your head.
You reflexively headbutt those who attack you in melee.


Message History

An adder comes into view.
As you read the scroll labelled MISUODIPLI, it crumbles to dust.
The creatures around you are filled with an inner flame!
It was a scroll of immolation.
Found a robe.
You aren't carrying any items that you can evoke.
It was a potion of invisibility.
You fade into invisibility!
You miss the butterfly. Your headbutt misses the butterfly.
The adder bites you.
* * * LOW HITPOINT WARNING * * *
You closely miss the butterfly. Your headbutt misses the butterfly.
You hit the adder but do no damage.
Your weapon exudes an aura of protection.
The adder closely misses you. You furiously retaliate!
You headbutt the adder!
Flame seeps out of the adder.
The adder is engulfed in blazing flames.
The adder explodes!
The fiery explosion engulfs you!
* * * LOW HITPOINT WARNING * * *
The butterfly is engulfed in blazing flames.
You kill the butterfly!
You start resting.
You flicker for a moment.
You flicker back into view.
Magic restored.
Key pressed, stopping explore.
Key pressed, stopping explore.
HP restored.
Key pressed, stopping explore.
Key pressed, stopping explore.
Key pressed, stopping explore.
Something unseen opens the door.
You sense a monster nearby.
A necrophage comes into view.
A necrophage is nearby!
A necrophage is nearby!
A necrophage is nearby!
A necrophage is nearby!
You barely miss the necrophage. Your headbutt misses the necrophage.
The necrophage hits you.
You feel drained.
A necrophage is nearby!
You hit the necrophage.
Your weapon exudes an aura of protection.
Your headbutt misses the necrophage.
The necrophage is lightly damaged.
The necrophage hits you but does no damage.
A necrophage is nearby!
You slash the necrophage! Your headbutt misses the necrophage.
The necrophage is severely damaged.
The necrophage closely misses you. You furiously retaliate!
You headbutt the necrophage, but do no damage.
A necrophage is nearby!
You barely miss the necrophage.
The necrophage is severely damaged.
The necrophage barely misses you. You furiously retaliate!
You headbutt the necrophage!
You destroy the necrophage!
Your life force feels restored.
Key pressed, stopping explore.
No target in view!
Key pressed, stopping explore.
No target in view!
Key pressed, stopping explore.
No target in view!
Key pressed, stopping explore.
No target in view!
Key pressed, stopping explore.
No target in view!
You now have 129 gold pieces (gained 7).
Things that are here:
a +0 halberd; +0 swamp dragon scales; the human skeleton of Maggie
There is an open door here.
Key pressed, stopping explore.
You completely miss the butterfly. Your headbutt misses the butterfly.
Found a robe.
Key pressed, stopping explore.
You see here 5 boomerangs.
Things that are here:
a +0 halberd; +0 swamp dragon scales You miss the butterfly.
Found a piece from Xom's chessboard (15/15).
Found a shimmering altar of Xom.
You see here a +0 robe.
You see here a +0 robe.
Key pressed, stopping explore.
You see here a necrophage corpse.
There is an open door here.
You now have 142 gold pieces (gained 13).
There is an open door here.
There is an open door here.
Found an escape hatch in the floor.
Found a runed translucent gate.
Found 17 gold pieces.
There is an open door here.
Found 10 gold pieces and a sedimented pink potion.
p - a ring of ice
There is an escape hatch in the floor here.
Yellafella's ghost turns its malevolent gaze towards you.
Are you sure you want to abandon this character and quit the game? (Confirm with "yes".)

#........... #...
+........... ##...
#.##.##..###
....#######'##..#.. #
###...#...........#..
.#.#.#...#.........))#..
..Z..#...#.........).#..
#....+...#.........).'..
.!..Z+.@.#...........#..
#ZW..+...#'##+####...#..
.....#...>.......######+
.#.#.#...........#......
######.........$.#......
..................#......
..................#######
#......#'###............
#......#...#............


You could see Yellafella's ghost, a howler monkey simulacrum, a centaur zombie
and a howler monkey skeleton.

Vanquished Creatures
  Pikel (D:4)
  Maggie (D:6)
  Edmund (D:4)
  An ice beast (D:6)
  2 necrophages
  A black bear (D:5)
  3 ogres
  A lemure (D:4)
  A phantom (D:6)
  2 scorpions
  4 orc priests (D:6)
  3 hounds
  A centaur skeleton (D:6)
  2 jellies (D:4)
  2 iguanas
  Natasha (D:2)
  An orc wizard (D:6)
  5 adders
  2 shadow imps
  An ufetubus (D:4)
  2 dart slugs
  11 orcs
  An endoplasm (D:4)
  A giant cockroach (D:4)
  A goblin (D:4)
  5 kobolds
  A frilled lizard (D:3)
  A butterfly (D:6)
59 creatures vanquished.

Notes
Turn   | Place    | Note
-------+----------+-------------------------------------------
     0 | D:1      | Dani the Minotaur Fighter began the quest for the Orb.
     0 | D:1      | Reached XP level 1. HP: 19/19 MP: 0/0
   184 | D:2      | Reached XP level 2. HP: 27/27 MP: 1/1
   192 | D:2      | Noticed Natasha
   194 | D:2      | Noticed a crimson imp
   198 | D:2      | Killed Natasha
   199 | D:2      | Reached skill level 3 in Axes
   199 | D:2      | Reached skill level 1 in Dodging
   199 | D:2      | Reached XP level 3. HP: 10/33 MP: 2/2
   546 | D:3      | Found an ornate altar of the Wu Jian Council.
   567 | D:4      | Reached skill level 4 in Shields
   613 | D:4      | Reached skill level 4 in Armour
   624 | D:4      | Reached skill level 4 in Fighting
   624 | D:4      | Reached XP level 4. HP: 29/40 MP: 1/3
   717 | D:4      | Noticed Edmund
   726 | D:4      | Killed Edmund
   727 | D:4      | Reached skill level 4 in Axes
   727 | D:4      | Reached skill level 2 in Dodging
   727 | D:4      | Reached XP level 5. HP: 41/47 MP: 2/4
   802 | D:4      | Noticed an ogre
   807 | D:4      | Killed an ogre
   808 | D:4      | Reached XP level 6. HP: 53/53 MP: 5/5
   810 | D:4      | Reached skill level 5 in Axes
  1170 | D:4      | Noticed Pikel
  1186 | D:4      | HP: 11/53 [Pikel (3)]
  1187 | D:4      | Killed Pikel
  1188 | D:4      | Reached skill level 5 in Fighting
  1188 | D:4      | Reached skill level 6 in Axes
  1188 | D:4      | Reached skill level 5 in Armour
  1188 | D:4      | Reached skill level 3 in Dodging
  1188 | D:4      | Reached skill level 5 in Shields
  1188 | D:4      | Reached XP level 7. HP: 11/61 MP: 1/6
  1658 | D:5      | Entered Level 5 of the Dungeon
  2087 | D:5      | Reached skill level 7 in Axes
  2087 | D:5      | Reached XP level 8. HP: 38/70 MP: 3/7
  2338 | D:5      | Reached skill level 4 in Dodging
  2588 | D:6      | Reached skill level 6 in Armour
  2588 | D:6      | Reached skill level 6 in Shields
  2624 | D:6      | Reached skill level 6 in Fighting
  2689 | D:6      | Reached skill level 8 in Axes
  2935 | D:6      | Noticed Maggie
  2952 | D:6      | HP: 17/71 [Maggie/bolt of fire (21)]
  2953 | D:6      | Killed Maggie
  2954 | D:6      | Reached skill level 5 in Dodging
  2954 | D:6      | Reached XP level 9. HP: 19/78 MP: 2/8
  3015 | D:6      | HP: 11/78 [spore (13)]
  3400 | D:6      | Found a shimmering altar of Xom.
  3459 | D:6      | Found a runed translucent gate.
  3460 | D:6      | Found a runed translucent gate.
  3461 | D:6      | Found a runed translucent gate.
  3469 | D:6      | Noticed Yellafella's ghost (novice MiBe)
  3471 | D:6      | Quit the game

Illustrated notes

Levels and vault maps discovered:
D:1:      dpeg_cavernosity, layout_loops_ring,
          hellmonk_ecumenical_altar_prayer_group, chequers_jeans
D:2:      layout_basic, uniq_natasha
D:3:      layout_basic, nicolae_wu_jian_immortal_techniques
D:4:      layout_loops_ring, uniq_edmund, uniq_pikel
D:5:      layout_rooms, st_stairs_2
D:6:      layout_gridville, xom_butterflies, gammafunk_ghost_necromancy,
          uniq_maggie

Skill      XL: |  1  2  3  4  5  6  7  8 |
---------------+-------------------------+-----
Axes           | 3 4 6 7 8 |  8.9
Dodging        | 1 2 3 5 |  5.1
Shields        | 4 5 6 |  6.9
Armour         | 4 5 6 |  6.8
Fighting       | 4 5 6 |  6.8

Action                   |  1- 3 |  4- 6 |  7- 9 || total
-------------------------+-------+-------+-------++-------
Melee: War axe           |    23 |    29 |   115 ||   167
       Headbutt          |     4 |     5 |    16 ||    25
  Use: Scroll            |     3 |     1 |     6 ||    10
       Potion            |       |     1 |     1 ||     2
Armor: Scale mail        |    10 |     9 |    36 ||    55
Dodge: Dodged            |    10 |    11 |    64 ||    85
Block: Buckler           |     3 |     5 |    26 ||    34

Table legend: (Time is in decaauts)
 A = Elapsed time spent in this place.
 B = Non-inter-level travel time spent in this place.
 C = Inter-level travel time spent in this place.
 D = Time resting spent in this place.
 E = Time spent auto-exploring this place.
 F = Levels seen in this place.
 G = Mean time per level.
                   A        B        C        D        E       F      G
               +--------+--------+--------+--------+--------+-----+--------+
         Total |   3505 |   3416 |     89 |    181 |   2756 |   6 |  584.2 |
       Dungeon |   3505 |   3416 |     89 |    181 |   2756 |   6 |  584.2 |
               +--------+--------+--------+--------+--------+-----+--------+

Top non-repeatable levels by time:
     D:4: 1108 daAuts
     D:5: 928 daAuts
     D:6: 900 daAuts
     D:3: 238 daAuts
     D:1: 173 daAuts
     D:2: 156 daAuts

Table legend:
 A = Kills in this place as a percentage of kills in entire the game.
 B = Kills by you in this place as a percentage of kills by you in the entire game.
 C = Kills by friends in this place as a percentage of kills by friends in the entire game.
 D = Other kills in this place as a percentage of other kills in the entire game.
 E = Experience gained in this place as a percentage of experience gained in the entire game.
 F = Experience gained in this place divided by the number of levels of this place that you have seen.
                   A       B       C       D       E      F
               +-------+-------+-------+-------+-------+----------------------
         Total | 100.0 | 100.0 |   N/A |   N/A | 100.0 | 513.5
       Dungeon | 100.0 | 100.0 |   N/A |   N/A | 100.0 | 513.5
               +-------+-------+-------+-------+-------+----------------------
